Cogmind - Beta 13 @@@ ROGUE MODE // 2024.04.21 @ 18:26:58 Player: Jason Result: Destroyed by N2-QTJ(R) with Subdweller Machine Gun Performance ------------- Evolutions (0) 0 Regions Visited (2) 400 Robots Destroyed (25) 125 Value Destroyed (531) 531 Prototype IDs (0) 0 Alien Tech Used (0) 0 Bonus (0) 0 TOTAL SCORE: 1056 Bonus ------- None Cogmind --------- Core Integrity 0/250 Matter 135/300 Energy 100/100 System Corruption 1% Temperature Cool (0) Movement Core (1400) Ox27 Location -10/Subcaves Parts ------- > --- POWER (1) -------- (None) > --- PROPULSION (2) --- (None) > --- UTILITY (2) ------ Huge Storage Unit > --- WEAPON (2) ------- Mining Claw > --- INVENTORY (25) --- Ion Engine Improved Heat Sink Small Storage Unit Medium Matter Pod (0) Structural Scanner Signal Interpreter Signal Interpreter High-powered Tractor Beam Faulty Improved Medium Laser Improved Medium Laser Light Assault Rifle Light Assault Rifle Light Assault Rifle Battle Rifle Heavy Battle Rifle Grenade Launcher Peak State ------------ > --- POWER ------------ Ion Engine > --- PROPULSION ------- Light Treads Light Treads > --- UTILITY ---------- Huge Storage Unit Seismic Detector > --- WEAPON ----------- Grenade Launcher Mining Claw > --- INVENTORY -------- Ion Engine Improved Heat Sink Small Storage Unit Medium Matter Pod Structural Scanner Signal Interpreter Signal Interpreter High-powered Tractor Beam Improved Medium Laser Improved Medium Laser Light Assault Rifle Light Assault Rifle Light Assault Rifle Grenade Launcher [Rating: 9] Favorites ----------- Power Ion Engine Engine Ion Engine Propulsion Light Treads Treads Light Treads Wheel Subdweller Monowheel Utility Seismic Detector Device Seismic Detector Storage Huge Storage Unit Weapon Grenade Launcher Ballistic Gun Light Assault Rifle Launcher Grenade Launcher Slashing Weapon Mining Claw Build | -11 -10 -10 ------- Run | Yrd Mat Sub Slots Evolved . | . . . Power . | . . . Propulsion . | . . . Utility . | . . . Weapon . | . . . Parts Attached 13 | 7 5 1 Power 2 | 1 1 . Engine 2 | 1 1 . Core . | . . . Reactor . | . . . Propulsion 3 | 2 . 1 Treads 2 | 2 . . Leg . | . . . Wheel 1 | . . 1 Hover . | . . . Flight . | . . . Utility 3 | 2 1 . Device 1 | 1 . . Storage 2 | 1 1 . Processor . | . . . Hackware . | . . . Protection . | . . . Artifact . | . . . Weapon 5 | 2 3 . Energy Gun . | . . . Energy Cannon . | . . . Ballistic Gun 2 | 2 . . Ballistic Cannon . | . . . Launcher 2 | . 2 . Special Weapon . | . . . Impact Weapon . | . . . Slashing Weapon 1 | . 1 . Piercing Weapon . | . . . Special Melee Weapon . | . . . Unidentified Prototypes . | . . . Parts Lost 5 | . . 5 Power 1 | . . 1 Propulsion 2 | . . 2 Utility 1 | . . 1 Weapon 1 | . . 1 Highest Loss Streak 3 | . . 3 To Critical Strikes . | . . . Average Slot Usage (%) 90 | . 99 73 Engine 13 | . 13 13 Treads 18 | . 28 1 Device 13 | . 14 13 Storage 14 | . 14 14 Ballistic Gun 7 | . 11 . Launcher 12 | . 12 13 Slashing Weapon 7 | . 4 14 Naked Turns . | . . . Heaviest Build 91 | 13 91 91 Greatest Support 40 | 40 40 40 Greatest Overweight (x) 30 | 1 2 30 Average Overweight (x) 3 | . 1 15 Largest Inventory Capacity 25 | 8 25 25 Average Capacity 21 | 7 22 25 Most Carried 16 | 2 14 16 Average Carried 9 | 1 8 15 Final Capacity 25 | 8 25 25 Final Carried 16 | 2 14 16 Class Distribution -------------------- 100% | Mutant Dominant Class ---------------- Mutant | -10/Materials Mutant | -10/Subcaves Resources | -11 -10 -10 ----------- Run | Yrd Mat Sub Matter Collected 467 | 193 210 64 Remotely . | . . . Salvage Created 383 | 46 337 . Parts 36 | 5 31 . Haulers Intercepted 1 | . 1 . Recyclers Shooed 1 | . 1 . Parts Field Recycled . | . . . Retrieved Matter . | . . . Parts Self-Destructed 6 | . . 6 Prevented . | . . . Kills | -11 -10 -10 ------- Run | Yrd Mat Sub Combat Hostiles Destroyed 13 | . 12 1 AOE 13 | . 12 1 Classes Destroyed 9 | 1 7 1 Worker 2 | . 2 . Builder 2 | . 2 . Tunneler 3 | 3 . . Hauler 1 | . 1 . Operator 1 | . 1 . Watcher 3 | . 3 . Swarmer 3 | . 3 . Grunt 9 | . 9 . Subdweller 1 | . . 1 Best Kill Streak 5 | 1 5 1 Combat Bots Only 5 | . 5 1 Max Kills in Single Turn 3 | 1 3 1 Gunslinging . | . . . Exploded 3 | . 3 1 Melee . | . . . Uniques/NPCs Destroyed . | . . . Combat | -11 -10 -10 -------- Run | Yrd Mat Sub Hostile Shots Fired 61 | . 35 26 Missed 7 | . 5 2 Damage Taken 876 | . 353 523 Core 250 | . 45 205 Absorbed by Shields . | . . . Regen/Repaired (Parts) 107 | . 107 . Core Remaining (%) 100 | 100 . . Volleys Fired 44 | 13 24 7 Largest 2 | 2 2 1 Hottest 50 | 40 50 30 Shots Fired 77 | 26 44 7 Gun 47 | 26 21 . Cannon . | . . . Launcher 30 | . 23 7 Special . | . . . Kinetic 47 | 26 21 . Thermal . | . . . Explosive 30 | . 23 7 Electromagnetic . | . . . Robot Hit Streak 7 | 6 4 7 Robot Miss Streak 2 | 2 2 . Penetration Max . | . . . Secondary Targets . | . . . Shots Hit Robots 32 | 19 6 7 Core Hits 43 | 6 35 2 Critical Kills . | . . . Critical Parts Destroyed 1 | 1 . . Critical Strikes 1 | 1 . . Destroy 1 | 1 . . Melee Attacks 5 | . 5 . Impact . | . . . Slashing 5 | . 5 . Piercing . | . . . Sneak Attacks . | . . . Combat Hostiles . | . . . Follow-up Attacks . | . . . Damage Inflicted 1713 | 153 1257 303 Guns 185 | 153 32 . Cannons . | . . . Explosions 1528 | . 1225 303 Melee . | . . . Ramming . | . . . Kinetic 185 | 153 32 . Thermal . | . . . Explosive 1528 | . 1225 303 Electromagnetic . | . . . Impact . | . . . Slashing . | . . . Piercing . | . . . Highest Corruption 1 | . 1 1 Average Corruption 1 | . 1 1 Corruption Purged . | . . . Corruption Blocked . | . . . Effects 14 | . 5 9 Message Errors 3 | . 1 2 Matter Fused 3 | . 3 . Heat Flow Errors 2 | . . 2 Energy Discharges 2 | . . 2 Data Loss (minor) 4 | . 1 3 Overload Shots . | . . . Overflow Damage 14 | . 14 . Projectiles . | . . . Explosions 14 | . 14 . Melee . | . . . Knockbacks . | . . . Impact . | . . . Kinetic . | . . . Secondary . | . . . Self-Inflicted Damage 41 | . 27 14 Shots 4 | . 2 2 Rammed . | . . . Targets Rammed . | . . . Kicked . | . . . Crushed . | . . . Highest Temperature 205 | . 40 205 Average Temperature 25 | . 13 93 Received Heat Transfer 177 | . 129 48 Siege Activations . | . . . Robots Corrupted . | . . . Combat Hostiles . | . . . Parts Fried . | . . . Impact Corruptions . | . . . Robots Melted . | . . . Combat Hostiles . | . . . Parts Melted . | . . . Heat Transferred . | . . . Parts Sabotaged . | . . . Parts Stolen . | . . . Parts Stripped . | . . . Power Chain Reactions . | . . . Alert | -11 -10 -10 ------- Run | Yrd Mat Sub Peak Influence 333 | 15 333 . Initial . | . . . Average 49 | 4 63 . Maximum Alert Level 1 | . 1 . Low Security (%) 94 | 100 92 . Level 1 5 | . 7 . Level 2 . | . . . Level 3 . | . . . Level 4 . | . . . Level 5 . | . . . High Security . | . . . Max Security . | . . . Squads Dispatched 1 | . 1 . Investigation . | . . . Extermination . | . . . Reinforcement 1 | . 1 . Assault . | . . . Garrison . | . . . Intercept . | . . . Searches Triggered . | . . . Construction Impeded . | . . . Haulers Reinforced . | . . . Active Scanning Responses . | . . . Cargo Convoy Interrupts . | . . . Stealth | -11 -10 -10 --------- Run | Yrd Mat Sub Distress Signals 2 | . 2 . Communications Jammed . | . . . Distress Signals . | . . . Times Spotted 18 | . 15 3 Peak Tracking Total 6 | . 6 2 Tactical Retreats . | . . . Traps | -11 -10 -10 ------- Run | Yrd Mat Sub Traps Triggered . | . . . Indirectly . | . . . Trap Hack Attempts . | . . . Triggered . | . . . Disarmed 12 | . 12 . Reprogrammed . | . . . Reused . | . . . Traps Extracted . | . . . Installed . | . . . Triggered . | . . . Machines | -11 -10 -10 ---------- Run | Yrd Mat Sub Machines Disabled 3 | . 3 . Max in Single Turn 1 | . 1 . Machines Repaired . | . . . Machines Dismantled . | . . . Machines Sabotaged . | . . . Overloaded Fab Kills . | . . . Hacking | -11 -10 -10 --------- Run | Yrd Mat Sub Machines Accessed 9 | . 9 . Terminals 6 | . 6 . Fabricators . | . . . Repair Stations 1 | . 1 . Recycling Units 2 | . 2 . Scanalyzers . | . . . Garrison Access . | . . . Total Hacks 32 | . 32 . Successful 23 | . 23 . Failed 9 | . 9 . Catastrophic 1 | . 1 . Database Lockouts . | . . . Manual 1 | . 1 . Terminals 21 | . 21 . Fabricators . | . . . Repair Stations 6 | . 6 . Recycling Units 5 | . 5 . Scanalyzers . | . . . Garrison Access . | . . . Terminal Hacks 13 | . 13 . Level Access Points 1 | . 1 . Branch Access Points 1 | . 1 . Alert Level 2 | . 2 . Unreport Threat 1 | . 1 . Locate Traps 3 | . 3 . Disarm Traps 3 | . 3 . Hauler Manifests 1 | . 1 . Zone Layout 1 | . 1 . Fabricator Hacks . | . . . Repair Station Hacks 5 | . 5 . Scan Component 3 | . 3 . Repair 2 | . 2 . Recycling Unit Hacks 5 | . 5 . Process 1 | . 1 . Report Inventory 2 | . 2 . Retrieve Matter 1 | . 1 . Retrieve Components 1 | . 1 . Scanalyzer . | . . . Garrison Access Hacks . | . . . Unauthorized Hacks . | . . . Terminals . | . . . Fabricators . | . . . Repair Stations . | . . . Recycling Units . | . . . Scanalyzers . | . . . Garrison Access . | . . . Data Cores Recovered . | . . . Used . | . . . Hacking Detections 6 | . 6 . Full Trace Events 1 | . 1 . Feedback Events 1 | . 1 . Corruption 1 | . 1 . Feedback Blocked . | . . . Robot Schematics Acquired . | . . . Robots Built . | . . . Authchips . | . . . Time . | . . . Total Robot Build Rating . | . . . Part Schematics Acquired . | . . . Parts Built . | . . . Authchips . | . . . Time . | . . . Total Part Build Rating . | . . . Parts Repaired 2 | . 2 . Time 62 | . 62 . Parts Recycled . | . . . Recycled Matter 43 | . 43 . Retrieved Matter 43 | . 43 . Retrieved Components 10 | . 10 . Parts Scanalyzed . | . . . Part Schematics Acquired . | . . . Parts Damaged . | . . . Bothacking | -11 -10 -10 ------------ Run | Yrd Mat Sub Used RIF Installer . | . . . Robots Hacked . | . . . Non-combat . | . . . Combat . | . . . Robot Hacks Applied . | . . . Relay Couplers Released . | . . . Fabnet Peak Effective % . | . . . Robots Rewired . | . . . Allies Hacked . | . . . Hacks Repelled . | . . . Allies | -11 -10 -10 -------- Run | Yrd Mat Sub Total Allies . | . . . Largest Group . | . . . Highest-Rated Group . | . . . Highest-Rated Ally . | . . . Total Orders . | . . . Ally Attacks . | . . . Total Damage . | . . . Kills . | . . . Allies Corrupted . | . . . Allies Melted . | . . . Intel | -11 -10 -10 ------- Run | Yrd Mat Sub Robot Analysis Total . | . . . Derelict Logs Recovered 1 | . . 1 Drone Launches . | . . . Drone Recoveries . | . . . Exploration | -11 -10 -10 ------------- Run | Yrd Mat Sub Turns Passed 3946 | 636 2115 1195 Spaces Moved 1018 | 226 648 144 Core 68 | 2 . 66 Treads 895 | 224 648 23 Legs . | . . . Wheels 55 | . . 55 Hover . | . . . Flight . | . . . Fastest Speed 50 | 50 160 150 Average Speed 332 | 159 284 818 Slowest Speed 1550 | 160 320 1550 Overloaded Moves . | . . . Propulsion Burnouts . | . . . Robots Hopped . | . . . Cave-ins Triggered . | . . . Exploration Rate (%) 40 | 15 90 16 Regions Visited 2 Branch Regions 1 Pre-discovered Areas . | . . . Known Exits Taken . | . . . Unknown Exits Taken 2 | 1 1 . Scrap Searched 4 | . . 4 Spaces Dug 2 | . 2 . Terrain Destroyed 107 | . 70 37 Melee 2 | . 2 . Projectile . | . . . AOE 105 | . 68 37 Terrain Rammed . | . . . Walls Destroyed . | . . . Machines Disabled . | . . . Actions | -11 -10 -10 --------- Run | Yrd Mat Sub Total 1499 | 478 866 155 Wait 405 | 231 174 . Move 1016 | 225 647 144 Hop . | . . . Pick Up 15 | 2 11 2 Fast Attach 10 | 7 2 1 Attach . | . . . Detach . | . . . Swap 3 | . 3 . Drop 1 | . . 1 Fire 44 | 13 24 7 Melee 5 | . 5 . Ram . | . . . Kick . | . . . Crush . | . . . Escape Stasis . | . . . Rewire . | . . . Trap . | . . . Miscellaneous . | . . . Route ------- -11/Scrapyard -10/Materials (discovered 6 exits: *Mat x3 / *Min x2 / [*Sub]) -10/Subcaves History --------- Turn | Location | Event 15 | -11/Scrapyard | Discovered new exit (range 15) 637 | -11/Scrapyard | Entered Materials 638 | -10/Materials | Build established: Mutant 649 | -10/Materials | Identified exit to Mines 789 | -10/Materials | Discovered new exit (range 9) 808 | -10/Materials | Identified exit to Materials 2071 | -10/Materials | Repaired Grenade Launcher 2109 | -10/Materials | Repaired Broken Ion Engine 2717 | -10/Materials | Discovered new exit (range 12) 2752 | -10/Materials | Entered Subcaves 2966 | -10/Subcaves | Learned 2 Materials zone layouts 3938 | -10/Subcaves | Core integrity fell below 50% 3945 | -10/Subcaves | Core integrity fell below 20% 3947 | -10/Subcaves | Destroyed by N2-QTJ(R) with Subdweller Machine Gun Last Messages --------------- down. 03221_ Dropped Broken Sub. Monowheel. 03245_ VJGVS:FZ58JOC4B02A U MATGKQD|J2HU/ 03259_ Subatomizers dissect the Broken Sub. Monowheel. 03368_ Subatomizers dissect the Broken Sub. Monowheel, destroying it. 03426_ System corrupted: Heat flow error (+120). 03443_ System corrupted: Component data lost. 03454_ Searching scrap... 03454_ Found Flamer. 03454_ Found 12 Matter. 03455_ Acquired 12 matter. 03489_ System corrupted: Energy discharge (-65). 03498_ Subatomizers dissect the Flamer. 03609_ System corrupted: Component data lost. 03926_ HB1UVUJEV6/ WD60LCBJXRGZ/>1K,02QYBGYF 03926_ Seismic Detector destroyed. 03927_ Grenade Launcher destroyed. 03934_ Ion Engine destroyed. Map ----- +----------------------------------------------------+ | ?????????????????????????????????????????????????? | | ?????????????????????????????????????????????????? | | ######???????????????????????????????????????????? | | #???????????????????????????????????????????? | | ##?????????????????????????????????????????? | | #???? ####?????????????????????????????????????? | | ###???# ##????????????????????????????????????? | | ###?# #????????????????????????????????????? | | ### |#?####???????????????????????????????? | | ## ### ##??????????????????????????????? | | ### #??????????????????????????????? | | ## ###???????????""???????????????? | | # ##????????? ""??????????????? | | ######???? "??????????????? | | # ##?? " ????????????? | | # ### #### ### ##???????????? | | #### ##?## ###??# ##### #???????????? | | ???####???###????# #???? ##??????????? | | ?????????????????# ##??? " #??????????? | | ?????????????????# #### R" ??????????? | | ??????????????#### ## #???????????? | | ??????????????# ????????????? | | ??????????????# R #?????????????????? | | ??????????????# ##????????????????? | | ??????????????## ## #????????????????? | | ???????????????## #######@ #### #???????????????? | | ????????????????##??????# ##?????????????????????? | | ????????????????????????# #??????????????????????? | | ????????????????????????# #??????????????????????? | | ????????????????????????# #??????????????????????? | | ????????????????????????# #??????????????????????? | | ????????????????????????# ??????????????????????? | | ????????????????????????# ??????????????????????? | | ???????????????????????? ??????????????????????? | | ???????????????????????? ??????????????????????? | | ???????????????????????? ??????????????????????? | | ???????????????????????? #??????????????????????? | | ???????????????????????? #???????????????????????? | | ????????????????????????#????????????????????????? | | ?????????????????????????????????????????????????? | | ?????????????????????????????????????????????????? | | ?????????????????????????????????????????????????? | | ?????????????????????????????????????????????????? | | ?????????????????????????????????????????????????? | | ?????????????????????????????????????????????????? | | ?????????????????????????????????????????????????? | | ?????????????????????????????????????????????????? | | ?????????????????????????????????????????????????? | | ?????????????????????????????????????????????????? | | ?????????????????????????????????????????????????? | +----------------------------------------------------+ Best States ------------- Heat Dissipation 25 Energy Generation 10 Energy Capacity 250 Matter Stores 197 Matter Capacity 300 Sight Range 16 Terrain Scan Density 10 Evasion (%) 40 Recoil Reduction 2 Item Schematics ----------------- None Robot Schematics ------------------ None Fabricated ------------ Nothing Alien Tech Used ----------------- None Achievements -------------- None Challenges ------------ None Game ------ Seed WeaponsOmegaDevice Manual? 0 Play Time 00:25:19 Cumulative 24.1 hours Start 2024.04.21 @ 14:51:43 End 2024.04.21 @ 18:26:58 Sessions 1 Manual Loads 0 Difficulty Rogue Special Mode None Game No. 23 Rogue 23 Adventurer 0 Explorer 0 Win Type - Total 0 Types 0/0/0/0/0/0/0/0/0 Lore% 13 Gallery% 19 Achievement% 14 Wizard Run 0 Options --------- Layout 1 ASCII 0 Keyboard 0 Movement Mouse Keybinds 0 Fullscreen 2 Font 24/Smallcaps Map View 50x35 Zoom Use 0% Tactical HUD 1 Map Filters NONE Filters NONE Steam 1 RUN: 842ef45e-30ad-4110-a439-5e00d3739441